 Dungeon Crawl Stone Soup version 0.26.0-20-g3ca415f5b8 (webtiles) character file.

Game seed: 7352373557496086122

60 thiole the Sneak (level 4, -1/27 HPs)
             Began as an Octopode Hedge Wizard on Jan 24, 2021.
             Slain by an iguana (13 damage)
             ... on level 2 of the Dungeon.
             The game lasted 00:02:54 (1830 turns).

thiole the Sneak (Octopode Hedge Wizard)            Turns: 1830, Time: 00:02:55

Health: -1/27      AC:  1    Str:  9    XL:     4   Next: 4%
Magic:  0/8        EV: 13    Int: 17    God:
Gold:   36         SH:  0    Dex: 11    Spells: 3/9 levels left

rFire    . . .     SeeInvis .   a - +0 dagger
rCold    . . .     Faith    .   (no shield)
rNeg     . . .     Spirit   .   b - +0 hat
rPois    .         Reflect  .   (no amulet)
rElec    .         Harm     .   (no ring)
rCorr    .         Rampage  .   (no ring)
Will     .....                  (no ring)
Stlth    +++.......             (no ring)
HPRegen  0.09/turn              (no ring)
MPRegen  0.11/turn              (no ring)
                                (no ring)
                                (no ring)

@: no status effects
A: almost no armour, stealthy swim, amphibious, 8 rings, constrict 8, camouflage
1, gelatinous body 1
a: no special abilities


You were on level 2 of the Dungeon.
You visited 1 branch of the dungeon, and saw 2 of its levels.

You collected 36 gold pieces.

Inventory:

Hand Weapons
 a - a +0 dagger (weapon)
Armour
 b - a +0 hat (worn)
Scrolls
 d - a scroll of enchant armour {unknown}
 f - a scroll of magic mapping {unknown}
 h - a scroll of remove curse {unknown}
 j - a scroll of identify {unknown}
Potions
 c - a potion of might {unknown}
 e - a potion of curing {unknown}
 g - a potion of flight {unknown}
 i - 2 potions of attraction {unknown}
 k - 2 potions of degeneration {unknown}


   Skills:
 - Level 2.0 Dodging
 + Level 3.4 Stealth
 + Level 3.3 Spellcasting
 * Level 2.5 Conjurations
 - Level 2.0 Summonings
 - Level 1.0 Translocations


You had 3 spell levels left.
You knew the following spells:

 Your Spells              Type           Power        Failure   Level
a - Magic Dart            Conj           44%          6%          1
b - Call Imp              Summ           9%           12%         2
c - Conjure Flame         Conj/Fire      7%           30%         3

Your spell library contained the following spells:

 Spells                   Type           Power        Failure   Level
 Blink                    Tloc           N/A          17%         2
 Slow                     Hex            2%           26%         2
 Mephitic Cloud           Conj/Pois/Air  5%           36%         3


Dungeon Overview and Level Annotations

Branches:
Dungeon (2/15)

Altars:


Innate Abilities, Weirdness & Mutations

You cannot wear most types of armour.
You are very stealthy in the water. (Stealth+)
You are amphibious.
You can wear up to eight rings at the same time.
You can use your tentacles to constrict eight enemies at once.
Your skin changes colour to match your surroundings (Stealth+).
Your rubbery body absorbs attacks. (AC +1, EV +1)


Message History

You swap places.
The iguana closely misses your crimson imp.
Your crimson imp closely misses the iguana.
The iguana bites your crimson imp!
Your crimson imp dies!
Your crimson imp hits the iguana.
Your crimson imp barely misses the iguana.
Your crimson imp disappears in a puff of smoke!
You see here a ball python skeleton.
Things that are here:
a cursed -3 whip; a gnoll skeleton; a bat skeleton
Casting: Call Imp (safe; 12% risk of failure)
Confirm with . or Enter, or press ? or * to list all spells.
You don't have enough magic to cast that spell.
There is a stone staircase leading up here.
Casting: Call Imp (safe; 12% risk of failure)
Confirm with . or Enter, or press ? or * to list all spells.
A beastly little devil appears in a puff of flame.
The iguana bites you!
You die...

.. .. ... #####. #
... ##...#. ##....
#...... ....#
....... .#.##..
.......####.......
.......).@5.......
..$....÷##l#...##
#......÷)<....##
......$..#.##.#
........##..# ..
........###..# ..S
......### #.# .#
..>..# .. . .....
...


You could see an iguana and a friendly crimson imp (summoned).

Vanquished Creatures
  An ooze (D:2)
  2 dart slugs
  A ball python (D:2)
  4 bats
  3 giant cockroaches
  2 hobgoblins
  2 jackals (D:2)
  2 frilled lizards (D:1)
  A goblin (D:1)
  4 kobolds (D:1)
  5 rats
27 creatures vanquished.

Vanquished Creatures (collateral kills)
  Jessica (D:2)
  A gnoll (D:2)
2 creatures vanquished.

Grand Total: 29 creatures vanquished

Notes
Turn   | Place    | Note
-------+----------+-------------------------------------------
     0 | D:1      | thiole the Octopode Hedge Wizard began the quest for the
                  | Orb.
     0 | D:1      | Reached XP level 1. HP: 11/11 MP: 4/4
   428 | D:1      | Reached XP level 2. HP: 13/17 MP: 0/6
  1314 | D:2      | Reached XP level 3. HP: 21/21 MP: 0/7
  1515 | D:1      | Learned a level 2 spell: Call Imp
  1519 | D:1      | Learned a level 3 spell: Conjure Flame
  1595 | D:2      | Noticed Jessica
  1605 | D:2      | Killed Jessica
  1606 | D:2      | Reached XP level 4. HP: 5/27 MP: 1/8
  1830 | D:2      | Slain by an iguana

Illustrated notes

Levels and vault maps discovered:
D:1:      dpeg_arrival_more_subterranean_lakeside_camping, layout_loops_corners
D:2:      layout_rooms, minmay_between, uniq_jessica

Skill      XL: |  1  2  3 |
---------------+----------+-----
Stealth        | 3 |  3.4
Conjurations   | 2 |  2.5
Summonings     | 2 |  2.0
Dodging        | |  2.0
Spellcasting   | |  3.3
Translocations | |  1.0

Action                   |  1- 3 |  4- 6 || total
-------------------------+-------+-------++-------
Melee: Dagger            |    23 |     2 ||    25
       Constrict         |     6 |     1 ||     7
       Tentacles         |     4 |     1 ||     5
 Cast: Magic Dart        |    58 |     8 ||    66
       Call Imp          |     2 |     4 ||     6
Armor: Skin              |     3 |       ||     3
Dodge: Dodged            |    22 |     2 ||    24
